Map: Alcyone LE

Players

A.I. 2 (Very Easy) - Winner!

  • Race: Zerg Zerg
  • Spawn Location: 1:00

trigger

  • Race: Protoss Protoss
  • League: Grandmaster
  • Spawn Location: 7:00

VOD

Have the link to the VOD?

Description

Time

  • Played on: April 20, 2024, 4:44 p.m.
  • Length: 7:32
Show
View Real Time Build Order
Export as new Build Order

A.I. 2 (Very Easy) Zerg - Winner!

Build Orders: Hatch First 

Get SALT Encoding   

  12  0:01  Drone  
  13  0:13  Overlord  
  13  0:16  Drone  
  14  0:42  Hatchery  
  14  0:45  Drone  
  14  1:05  Spawning Pool  
  14  1:06  Extractor  
  14  1:08  Drone  
  13  1:15  Drone  
  14  1:22  Overlord  
  14  1:52  Zergling x2  
  14  1:53  Queen  
  17  1:55  Zergling x2  
  17  2:00  Roach Warren  
  17  2:06  Drone  
  18  2:09  Extractor  
  18  2:13  Drone  
  18  2:17  Zergling x2  
  18  2:20  Drone  
  20  2:27  Drone  
  21  2:35  Drone  
  22  2:42  Drone  
  23  2:49  Drone  
  24  2:56  Drone  
  25  3:03  Drone  
  25  3:05  Roach  
  28  3:09  Overlord  
  28  3:14  Drone  
  29  3:22  Drone  
  30  3:29  Drone  
  31  3:36  Drone  
  32  3:42  Overlord  
  32  3:44  Drone  
  33  3:51  Drone, Lair  
  33  3:53  Roach  
  36  4:02  Drone  
  32  4:09  Drone  
  32  4:16  Drone  
  33  4:23  Drone  
  34  4:31  Drone  
  28  4:38  Drone  
  28  4:40  Roach  
  31  4:45  Drone  
  31  4:49  Overseer  
  31  4:50  Overseer  
  32  4:52  Drone  
  31  5:00  Drone  
  32  5:07  Drone  
  33  5:14  Drone  
  34  5:21  Drone  
  35  5:28  Roach  
  35  5:29  Drone  
  33  5:36  Drone  
  34  5:44  Drone  
  34  5:51  Drone  
  34  5:52  Queen  
  31  5:57  Zergling x2  
  31  5:59  Drone  
  28  6:06  Drone  
  24  6:13  Drone  
  21  6:20  Drone  
  22  6:26  Roach  
  22  6:27  Drone  
  25  6:34  Drone  
  26  6:42  Drone  
  27  6:49  Drone  
  28  6:54  Zergling x2  
  28  6:56  Drone  
  30  7:03  Drone  
  31  7:10  Drone  
  32  7:18  Drone  
Show
View Real Time Build Order
Export as new Build Order

trigger Protoss 

Build Orders: 1 Gate Expand, Oracle Opening 

Get SALT Encoding   

  12  0:00  Probe  
  13  0:12  Probe  
  14  0:20  Pylon  
  14  0:24  Probe  
  15  0:38  Probe (Chrono Boost)  
  15  0:39  Gateway  
  16  0:44  Assimilator  
  16  0:47  Probe (Chrono Boost)  
  17  0:52  Probe  
  18  1:04  Probe  
  19  1:16  Probe  
  20  1:24  Nexus  
  20  1:32  Cybernetics Core  
  20  1:37  Assimilator  
  20  1:41  Probe  
  21  1:47  Pylon  
  21  1:53  Probe  
  22  1:59  Adept  
  22  2:05  Probe (Chrono Boost)  
  26  2:17  Probe (Chrono Boost)  
  26  2:18  Stargate  
  26  2:22  Probe (Chrono Boost)  
  26  2:24  Warp Gate  
  26  2:29  Adept  
  29  2:36  Probe (Chrono Boost)  
  31  2:38  Probe (Chrono Boost)  
  31  2:45  Probe (Chrono Boost)  
  31  2:48  Probe (Chrono Boost)  
  31  2:51  Probe (Chrono Boost)  
  33  2:57  Probe  
  35  3:00  Oracle (Chrono Boost)  
  35  3:03  Probe  
  35  3:04  Adept  
  41  3:10  Pylon  
  41  3:11  Probe  
  42  3:15  Probe  
  42  3:19  Gateway  
  43  3:23  Probe  
  44  3:27  Probe  
  44  3:29  Oracle (Chrono Boost)  
  48  3:36  Probe  
  48  3:39  Probe  
  50  3:48  Twilight Council, Probe  
  51  3:50  Pylon  
  51  3:52  Probe  
  52  4:00  Probe  
  53  4:03  Nexus  
  53  4:04  Probe  
  53  4:06  Pylon  
  54  4:12  Assimilator, Probe  
  55  4:18  Gateway  
  55  4:19  Gateway  
  55  4:24  Adept x2  
  55  4:28  Probe  
  55  4:29  Probe  
  61  4:31  Resonating Glaives (Chrono Boost)  
  61  4:38  Pylon  
  61  4:40  Probe  
  61  4:42  Probe  
  63  4:48  Adept  
  63  4:49  Adept  
  63  4:52  Probe  
  68  4:54  Probe  
  69  5:04  Probe, Pylon  
  69  5:06  Shield Battery  
  70  5:09  Adept x2  
  70  5:12  Adept  
  70  5:13  Adept  
  78  5:16  Probe  
  78  5:17  Probe  
  78  5:20  Probe  
  81  5:28  Probe  
  82  5:32  Probe x2  
  82  5:33  Adept  
  82  5:34  Adept x3  
  92  5:38  Robotics Facility  
  92  5:40  Probe  
  93  5:44  Probe  
  93  5:45  Probe  
  95  5:52  Probe  
  95  5:56  Probe  
  97  5:57  Probe  
  97  5:59  Adept  
  97  6:01  Pylon  
  97  6:03  Pylon  
  100  6:04  Probe  
  100  6:08  Gateway  
  101  6:11  Probe x2  
  101  6:12  Assimilator  
  101  6:15  Gateway  
  101  6:16  Assimilator  
  101  6:18  Forge  
  101  6:19  Probe  
  101  6:20  Pylon  
  101  6:23  Adept x4  
  101  6:24  Observer  
  110  6:31  Pylon  
  111  6:33  Pylon  
  111  6:34  Shield Battery  
  111  6:41  Gateway  
  111  6:42  Gateway  
  111  6:45  Gateway  
  111  6:50  Sentry x2  
  111  6:51  Immortal (Chrono Boost), Adept x2  
  123  7:20  Adept x6  
  135  7:24  Pylon  
  135  7:25  Pylon  
Tags
 
Add a new tag
Caveats
  • Supply blocks, unpowered buildings, or Contaminate may cause inaccurate times.
  • Supply counts are checked every 10 seconds.